 Dungeon Crawl Stone Soup version 0.19.1 (webtiles) character file.

8124 hairmachine the Carver (level 11, -10/78 HPs)
             Began as a High Elf Gladiator on Dec 11, 2016.
             Was a High Priest of Okawaru.
             Mangled by a hill giant
             ... wielding a +0 giant spiked club
              (31 damage)
             ... on level 10 of the Dungeon.
             The game lasted 00:56:25 (13262 turns).

hairmachine the Carver (High Elf Gladiator)        Turns: 13262, Time: 00:56:26

Health: -10/78     AC:  9    Str: 18    XL:     11   Next: 5%
Magic:  15/21      EV: 20    Int: 12    God:    Okawaru [*****.]
Gold:   489        SH:  0    Dex: 18    Spells: 0 memorised, 10 levels left

rFire  . . .     SeeInvis .     k - +0 great sword
rCold  . . .     Gourm    .     e - +0 scale mail
rNeg   . . .     Faith    +     (shield currently unavailable)
rPois  .         Spirit   .     c - +0 helmet
rElec  .         Reflect  .     (no cloak)
rCorr  .         Harm     .     m - +0 pair of gloves
MR     +....     Clarity  +     (no boots)
Stlth  ++........               r - amulet of faith {Faith}
                                (no ring)
                                t - ring of magical power {MP+9}

@: heroism, finesse
A: clarity, strong 1, subdued magic 1
a: Heroism, Finesse, Renounce Religion


You were on level 10 of the Dungeon.
You worshipped Okawaru.
Okawaru was extremely pleased with you.
You were not hungry.

You visited 2 branches of the dungeon, and saw 11 of its levels.

You collected 489 gold pieces.


Innate Abilities, Weirdness & Mutations

You possess an exceptional clarity of mind.
Your muscles are strong. (Str +2)
Your spells are a little easier to cast, but a little less powerful.


   Skills:
 + Level 8.6(13.6) Fighting
 + Level 13.0(18.0) Long Blades
 + Level 8.4(13.4) Bows
 - Level 2.0(7.0) Throwing
 + Level 9.4(14.4) Dodging


You had 10 spell levels left.
You didn't know any spells.

Inventory:

Hand Weapons
 k - a +0 great sword (weapon)
   (You found it on level 2 of the Dungeon)
 V - a +3 longbow of flaming {god gift}
   (Okawaru gifted it to you on level 10 of the Dungeon)
Missiles
 J - 180 arrows
Armour
 c - a +0 helmet (worn)
 e - a +0 scale mail (worn)
   (You found it on level 1 of the Dungeon)
 m - a +0 pair of gloves (worn)
   (You found it on level 2 of the Dungeon)
 S - a +0 cloak
   (You found it on level 9 of the Dungeon)
Jewellery
 i - an uncursed ring of protection from magic {unknown}
   (You found it on level 6 of the Dungeon)
 r - an amulet of faith (around neck) {Faith}
   (You found it on level 3 of the Dungeon)
 t - a ring of magical power (left hand) {MP+9}
   (You found it on level 3 of the Dungeon)
 F - an uncursed amulet of rage {unknown}
   (You found it on level 5 of the Dungeon)
 L - an uncursed ring of resist corrosion {unknown}
   (You found it on level 7 of the Dungeon)
 R - an uncursed ring of fire {unknown}
   (You found it on level 9 of the Dungeon)
Wands
 d - a wand of iceblast (5/15)
   (You found it on level 5 of the Dungeon)
 y - a wand of lightning (7/15)
   (You found it on level 4 of the Dungeon)
 E - a wand of lightning (4/15)
   (You found it on level 5 of the Dungeon)
 N - a wand of flame (25/48)
   (You found it on level 9 of the Dungeon)
 T - a wand of teleportation (4/9) {!d}
   (You found it on level 8 of the Dungeon)
Scrolls
 g - a scroll of enchant weapon {!r, unknown}
 j - a scroll of fog {!r, unknown}
 n - 3 scrolls of remove curse {!r, unknown}
 q - 4 scrolls of identify {!r}
 w - 3 scrolls of recharging {!r}
 x - a scroll of immolation {!r, unknown}
 z - a scroll of magic mapping {!r, unknown}
 D - 3 scrolls of amnesia {!r, unknown}
 H - a scroll of summoning {!r, unknown}
Potions
 b - a potion of ambrosia {!q, unknown}
 h - a potion of mutation {!q}
 l - 2 potions of curing {!q}
 o - 2 potions of flight {!q, unknown}
 u - 2 potions of brilliance {!q, unknown}
 v - a potion of cure mutation {!q, unknown}
 B - a potion of haste {!q, unknown}
 M - a potion of invisibility {!q, unknown}
 P - a potion of beneficial mutation {!q, unknown}
Books
 K - a book of Changes
   (You found it on level 8 of the Dungeon)

   Spells                             Type                      Level
   a - Beastly Appendage              Transmutation                1
   b - Sticks to Snakes               Transmutation                2
   c - Spider Form                    Transmutation/Poison         3
   d - Ice Form                       Ice/Transmutation            4
   e - Blade Hands                    Transmutation                5
 O - a book of Necromancy
   (You found it on level 8 of the Dungeon)

   Spells                             Type                      Level
   a - Pain                           Necromancy                   1
   b - Animate Skeleton               Necromancy                   1
   c - Vampiric Draining              Necromancy                   3
   d - Regeneration                   Charms/Necromancy            3
   e - Animate Dead                   Necromancy                   4
   f - Control Undead                 Necromancy                   4
 U - a book of Conjurations
   (You found it on level 9 of the Dungeon)

   Spells                             Type                      Level
   a - Magic Dart                     Conjuration                  1
   b - Searing Ray                    Conjuration                  2
   c - Dazzling Spray                 Conjuration/Hexes            3
   d - Fulminant Prism                Conjuration/Hexes            4
   e - Iskenderun's Mystic Blast      Conjuration                  4
   f - Iskenderun's Battlesphere      Conjuration/Charms           5
Comestibles
 f - 3 bread rations
 p - a beef jerky
 s - 3 fruits
 A - a slice of pizza
 C - 7 meat rations
 G - 16 chunks of flesh

Dungeon Overview and Level Annotations

Branches:
Dungeon (10/15)            Temple (1/1) D:4
   Lair: D:8-11         Orc: D:9-12

Altars:
Ashenzari
Cheibriados
Dithmenos
Elyvilon
Fedhas
Gozag
Hepliaklqana
Kikubaaqudgha
Makhleb
Nemelex Xobeh
Okawaru
Qazlal
Ru
Sif Muna
Trog
Uskayaw
Vehumet
Xom
Yredelemnul
Zin
The Shining One

Annotations:
D:6 1 runed door
D:9 exclusions: 2 doors and 1 more exclusion

#.# #@# ####C#
# ..#.# # #
#.#.# .# #
#.#W##.#### #
#.......... #
####..........
#
#......##...%.
# #.##†###
###.# #
.......)..# #
###
####.####..#
..# # #.#
..#### C#
....... .
..##### S ..#
S.


You could see a hill giant, a phantom and a bullfrog.


Message History

You hear a shout! x2
A warg comes into view.
You closely miss the warg. The warg misses you.
You riposte.
You slash the warg!
The warg is heavily wounded.
Your scale mail prevents you from hitting the warg.
The warg is heavily wounded.
The warg completely misses you.
You closely miss the warg.
The warg is heavily wounded.
The warg barely misses you.
You riposte.
You hit the warg but do no damage.
The warg is heavily wounded.
The warg bites you but does no damage.
You hit the warg.
The warg is severely wounded.
The warg bites you!
Damage: -18%(-14hp) hp: 77%(60hp)
You slash the warg!
The warg is almost dead.
The warg barely misses you.
An orc warrior comes into view. It is wielding a halberd.
You miss the warg.
The warg is almost dead.
The warg bites you. The orc warrior barely misses you.
The warg closely misses you.
Damage: -1%(-1hp) hp: 76%(59hp)
You closely miss the warg.
The warg is almost dead.
The orc warrior hits you from afar with a halberd.
* * * LOW HITPOINT WARNING * * *
The warg misses you.
Damage: -8%(-6hp) hp: 68%(53hp)
You slash the warg!
You kill the warg!
The orc warrior misses you.
You gain the combat prowess of a mighty hero.
The orc warrior hits you from afar with a halberd!
* * * LOW HITPOINT WARNING * * *
Huge Dmg: -14%(-11hp) hp: 54%(42hp)
You are too injured to fight recklessly!
You are too injured to fight recklessly!
The orc warrior closely misses you.
An orc comes into view.
The orc moves out of view.
You see here a warg corpse.
You slash the orc warrior!
The orc warrior is heavily wounded.
The orc warrior barely misses you.
You closely miss the orc warrior.
The orc warrior is heavily wounded.
The orc warrior barely misses you.
You hit the orc warrior.
The orc warrior is severely wounded.
An orc and a hill giant come into view.
The hill giant shouts!
You hit the orc warrior.
The orc warrior is severely wounded.
The orc warrior hits you with a halberd.
* * * LOW HITPOINT WARNING * * *
You hit the orc warrior.
The orc warrior is severely wounded.
The orc warrior barely misses you.
You slash the orc warrior!
You kill the orc warrior!
An adder comes into view.
You are too injured to fight recklessly!
You feel like a meek peon again.
You see here a hound skeleton.
You are too injured to fight recklessly!
You are too injured to fight recklessly!
You hit the orc but do no damage. The orc barely misses you.
You hit the orc.
The orc is moderately wounded.
The orc hits you but does no damage.
You slash the orc!
You kill the orc!
You gain the combat prowess of a mighty hero.
The orc completely misses you.
You fail to use your ability.
The orc hits you but does no damage.
The phantom blinks!
Unknown command.
You fail to use your ability.
The orc completely misses you.
You can now deal lightning-fast blows.
The orc completely misses you.
You riposte.
You barely miss the orc.
The phantom blinks!
You slice the orc!!
You kill the orc!
The hill giant hits you with a giant spiked club!!
* * * LOW HITPOINT WARNING * * *
A bullfrog comes into view.
You see here a scale mail.
Huge Dmg: -34%(-26hp) hp: 27%(21hp)
The bullfrog gives a loud, deep croak!
You hit the hill giant.
The hill giant is lightly wounded.
You slash the hill giant!
The hill giant is lightly wounded.
The phantom blinks!
The hill giant hits you with a giant spiked club!!
You die...

Vault maps used:
D:1:      matt_arrival_refuge, minmay_misc_feat_four_crosses, bh_walls_and_bars
D:3:      wad_river_or_something, grunt_ashenzari_visionary
D:4:      first_bread, serial_undead, serial_undead_c, serial_undead_f,
          serial_undead_e, serial_undead_c, st_stairs_11, minmay_ogre_servants
D:5:      basic_altar, gup_sewer_entry_bubbles, trog_three_pillars_becter
D:6:      corexii_hall_statues_deadend, minmay_misc_feat_more_columns,
          dk_yredelemnul_ordeal
D:8:      minmay_cornered_nines, old_standard_altar, special_room,
          nicolae_looking_at_the_future
D:10:     erik_lair_orcish_takeover, hangedman_stone_soup,
          wad_floor_pattern_untrapped
Temple:   regret_index_temple_chain_breaker

Notes
Turn   | Place    | Note
-------+----------+-------------------------------------------
     0 | D:1      | hairmachine the High Elf Gladiator began the quest for the Orb.
     0 | D:1      | Reached XP level 1. HP: 14/14 MP: 2/2
   170 | D:1      | Reached skill level 4 in Long Blades
   284 | D:1      | Reached XP level 2. HP: 19/19 MP: 3/3
   753 | D:1      | Reached skill level 5 in Long Blades
   882 | D:2      | Reached XP level 3. HP: 21/24 MP: 4/4
  1354 | D:2      | Reached XP level 4. HP: 26/29 MP: 5/5
  1478 | D:2      | Reached skill level 6 in Long Blades
  1996 | D:3      | Gained mutation: Your muscles are strong. (Str +2) [potion of mutation]
  1996 | D:3      | Gained mutation: You possess an exceptional clarity of mind. [potion of mutation]
  1996 | D:3      | Gained mutation: Your spells are a little easier to cast, but a little less powerful. [potion of mutation]
  2222 | D:3      | Reached XP level 5. HP: 33/34 MP: 6/6
  2681 | D:3      | Found a shattered altar of Ashenzari.
  2685 | D:3      | Saw a vision of the Shoals and the Spider Nest.
  2685 | D:3      | Noticed a hippogriff
  2685 | D:3      | Noticed a sea snake
  2685 | D:3      | Noticed a redback
  2685 | D:3      | Noticed a merfolk
  2685 | D:3      | Noticed a merfolk
  2685 | D:3      | Noticed a redback
  2685 | D:3      | Noticed a centaur
  2685 | D:3      | Noticed a wolf spider
  2685 | D:3      | Noticed a siren
  2686 | D:3      | Noticed a centaur
  2687 | D:3      | Noticed a merfolk
  2687 | D:3      | Noticed a merfolk
  2848 | D:4      | Reached skill level 7 in Long Blades
  3457 | D:4      | Reached XP level 6. HP: 41/41 MP: 7/7
  3485 | D:4      | Found a staircase to the Ecumenical Temple.
  3492 | Temple   | Entered the Ecumenical Temple
  3650 | Temple   | Became a worshipper of Warmaster Okawaru
  4213 | D:5      | Entered Level 5 of the Dungeon
  4417 | D:5      | Found a white marble altar of Elyvilon.
  4428 | D:5      | Reached skill level 8 in Long Blades
  4651 | D:5      | Reached * piety under Okawaru
  4651 | D:5      | Reached XP level 7. HP: 46/46 MP: 8/8
  4669 | D:5      | Noticed a hippogriff
  5028 | D:5      | Killed a hippogriff
  5028 | D:5      | Reached skill level 5 in Dodging
  5388 | D:5      | Found a bloodstained altar of Trog.
  5458 | D:5      | Reached ** piety under Okawaru
  5458 | D:5      | Reached skill level 9 in Long Blades
  6337 | D:6      | Reached XP level 8. HP: 44/54 MP: 9/9
  6593 | D:6      | Reached skill level 10 in Long Blades
  6656 | D:6      | Found a runed door.
  6670 | D:6      | Found a basalt altar of Yredelemnul.
  7077 | D:7      | Noticed a gargoyle
  7089 | D:7      | Killed a gargoyle
  7089 | D:7      | Reached skill level 5 in Fighting
  7269 | D:7      | Reached *** piety under Okawaru
  7285 | D:7      | Reached skill level 11 in Long Blades
  7285 | D:7      | Reached skill level 1 in Bows
  7439 | D:7      | Reached XP level 9. HP: 38/61 MP: 10/10
  8089 | D:7      | Reached **** piety under Okawaru
  9192 | D:8      | Found a glowing silver altar of Zin.
  9299 | D:8      | Reached skill level 5 in Bows
  9310 | D:8      | Noticed a cyclops
  9320 | D:8      | Killed a cyclops
  9530 | D:8      | Reached skill level 12 in Long Blades
  9530 | D:8      | Reached XP level 10. HP: 57/71 MP: 11/11
 11453 | D:9      | Reached ***** piety under Okawaru
 11740 | D:9      | Received a gift from Okawaru
 12253 | D:10     | Entered Level 10 of the Dungeon
 12269 | D:10     | Received a gift from Okawaru
 12990 | D:10     | Reached skill level 13 in Long Blades
 13095 | D:10     | Received a gift from Okawaru
 13148 | D:10     | Reached XP level 11. HP: 64/78 MP: 12/12
 13240 | D:10     | Noticed a hill giant
 13262 | D:10     | Mangled by a hill giant

Vanquished Creatures
  A cyclops (D:8)
  A gargoyle (D:7)
  A queen bee (D:8)
  2 hippogriffs
  A spriggan (D:10)
  8 yaks
  A hungry ghost (D:8)
  A warg (D:10)
  9 orc warriors
  2 sky beasts
  An eye of draining (D:8)
  2 ice beasts
  A black bear (D:7)
  2 phantoms
  5 ogres
  A crocodile (D:8)
  6 centaurs
  2 bullfrogs
  3 scorpions
  19 killer bees
  3 howler monkeys (D:7)
  3 crimson imps
  A bullfrog zombie (D:5)
  A centaur zombie (D:9)
  8 hounds
  A centaur skeleton (D:5)
  4 orc priests
  2 gnoll shamans
  9 orc wizards
  3 iguanas
  4 worker ants
  2 hound skeletons
  2 howler monkey zombies
  2 worker ant zombies
  15 gnolls
  16 adders
  A river rat (D:5)
  A shadow imp (D:5)
  An ooze (D:3)
  2 adder zombies
  An adder skeleton (D:7)
  6 worms
  2 dart slugs
  7 leopard geckos
  53 orcs
  4 ball pythons
  9 giant cockroaches
  13 goblins
  5 hobgoblins
  9 jackals
  7 kobolds
  5 quokkas
  2 ball python skeletons
  7 bats
  9 frilled lizards
  A giant cockroach zombie (D:4)
  A goblin zombie (D:6)
  A leopard gecko skeleton (D:4)
  A leopard gecko zombie (D:9)
  A quokka skeleton (D:6)
  7 rats
301 creatures vanquished.

Vanquished Creatures (others)
  A soldier ant (D:10)
  An orc (D:10)
  7 plants
9 creatures vanquished.

Grand Total: 310 creatures vanquished

Action                   |  1- 3 |  4- 6 |  7- 9 | 10-12 || total
-------------------------+-------+-------+-------+-------++-------
Melee: Long sword        |    88 |       |       |       ||    88
       Great sword       |    21 |   180 |   334 |   323 ||   858
 Fire: Shortbow          |       |       |    31 |     4 ||    35
       Longbow           |       |       |       |    17 ||    17
Throw: Throwing net      |       |     4 |       |       ||     4
Invok: Heroism           |       |       |    16 |    12 ||    28
       Finesse           |       |       |       |     1 ||     1
Evoke: Wand              |       |       |       |     1 ||     1
  Use: Potion            |       |     1 |       |     2 ||     3
       Scroll            |       |     1 |       |     1 ||     2
 Stab: Held in net/web   |       |     2 |       |       ||     2
  Eat: Chunk             |     1 |    11 |    18 |    10 ||    40
       Royal jelly       |       |       |       |     1 ||     1
Armor: Scale mail        |    52 |    58 |   100 |    86 ||   296
       Leather armour    |     4 |       |       |       ||     4
Dodge: Dodged            |    65 |   100 |   238 |   281 ||   684
       Rpst.: Long sword |    18 |       |       |       ||    18
       Great sword       |     6 |    33 |    57 |    88 ||   184

Skill      XL: |  1  2  3  4  5  6  7  8  9 10 |
---------------+-------------------------------+-----
Long Blades    | 4 5 6 7 8 9 11 12 13 | 13.0
Dodging        | 4 5 6 8 9 |  9.4
Fighting       | 3 4 5 7 8 |  8.6
Bows           | 1 5 8 |  8.4
Throwing       | |  2.0
